 Dungeon Crawl Stone Soup version 0.32-a0-673-g3729bd50f8 (webtiles) character file.

Game seed: 3304344159982385536

624 shadizar the Geomancer (level 7, -1/41 HPs)
             Began as a Gargoyle Earth Elementalist on Mar 10, 2024.
             Slain by Duvessa
             ... wielding a +0 rapier
              (6 damage)
             ... on level 5 of the Dungeon.
             The game lasted 00:06:00 (4042 turns).

shadizar the Geomancer (GrEE)                       Turns: 4042, Time: 00:06:01

Health: -1/41      AC:  6    Str: 12    XL:     7   Next: 47%
Magic:  11/11      EV: 11    Int: 17    God:
Gold:   213        SH:  5    Dex: 10    Spells: 8/12 levels left

rFire   . . .        v - +2 hammer "Foawuucw" {flame, Stlth+}
rCold   . . .        (no shield)
rNeg    + . .        a - +0 robe
rPois   ∞            (no helmet)
rElec   +            (no cloak)
rCorr   .            (no gloves)
SInv    +            (no boots)
Will    .....        o - amulet of reflection
Stlth   +++          s - ring of see invisible
HPRegen 0.26/turn    (no ring)
MPRegen 0.12/turn

%: reflection
@: no status effects
A: sickness immunity, AC +4, negative energy resistance 1, electricity
resistance, torment resistance 1, petrification resistance
a: no special abilities


You were on level 5 of the Dungeon.
You visited 2 branches of the dungeon, and saw 7 of its levels.

You collected 213 gold pieces.

Inventory:

Hand Weapons
 v - the +2 hammer "Foawuucw" (weapon) {flame, Stlth+}
   (You found it on level 5 of the Dungeon)

   Stlth+:    It makes you more stealthy.
Armour
 a - a +0 robe (worn)
Jewellery
 o - an amulet of reflection (around neck)
 s - a ring of see invisible (left hand)
Scrolls
 c - 2 scrolls of poison {unknown}
 d - a scroll of revelation {unknown}
 g - a scroll of summoning {unknown}
 j - 2 scrolls of teleportation {unknown}
 k - a scroll of noise {unknown}
 l - a scroll of fear {unknown}
 r - a scroll of vulnerability {unknown}
 u - 2 scrolls of enchant weapon {unknown}
Potions
 b - a potion of magic
 e - 2 potions of attraction {unknown}
 f - a potion of enlightenment {unknown}
 h - a potion of brilliance {unknown}
 i - a potion of haste {unknown}
 m - a potion of mutation {unknown}
 n - a potion of lignification {unknown}
 p - 2 potions of might {unknown}
 t - a potion of berserk rage {unknown}


   Skills:
 - Level 3.1 Fighting
 - Level 1.5 Dodging
 - Level 2.1 Stealth
 + Level 3.0 Spellcasting
 + Level 3.1 Conjurations
 + Level 8.1 Earth Magic


You had 8 spell levels left.
You knew the following spells:

 Your Spells              Type           Power      Damage    Failure   Level
a - Sandblast             Erth           60%        2d14      1%          1
b - Stone Arrow           Conj/Erth      42%        3d9       5%          3

Your spell library contained the following spells:

 Spells                   Type           Power      Damage    Failure   Level
 Passwall                 Erth           30%        N/A       1%          3
 Brom's Barrelling Bould  Conj/Erth      21%        2d4       17%         4
 Petrify                  Alch/Erth      16%        N/A       32%         4


Dungeon Overview and Level Annotations

Branches:
Dungeon (6/15)             Temple (1/1) D:6

Altars:
Ashenzari
Elyvilon
Fedhas
Gozag
Hepliaklqana
Kikubaaqudgha
Makhleb
Nemelex Xobeh
Okawaru
Ru
Sif Muna
Trog
Uskayaw
Wu Jian
Xom
Yredelemnul
The Shining One

Annotations:
D:5 1 runed translucent door, Crazy Yiuf, Dowan, Duvessa


Innate Abilities, Weirdness & Mutations

You are immune to sickness and miasma.
Your stone body is resilient. (AC +4)
You are immune to poison.
You resist negative energy. (rN+)
You are resistant to electric shocks. (rElec)
You are resistant to unholy torment.
You are immune to petrification.


Message History

The puff of flame misses you.
The orc priest mumbles some strange prayers to Beogh against you.
Beogh smites you!
An orc comes into view. It is wielding a +0 flail.
The blast of sand misses Dowan.
Duvessa shouts!
The orc shouts!
Dowan hits you with a +0 dagger.
An orc wizard comes into view. It is wielding a +0 dagger.
Dowan barely misses you.
Unknown command.
Dowan attacks as he pursues you! You block Dowan's attack.
An orc comes into view. It is wielding a +0 flail.
The orc wizard shouts!
The orc shouts!
Dowan attacks as he pursues you! Dowan closely misses you.
Dowan says, "Magic and the sword, together, will defeat you."
Dowan casts a spell at you. The puff of flame hits you!
The orc priest shouts, "The Pantheon deserves no one's loyalty.
Let us show you the true path!"
The orc priest shouts, "Surrender to Beogh and we'll let you live!" (press Y on the ability menu to convert to Beogh) Unknown command.
Dowan points at you and mumbles some strange words.
The puff of frost hits you.
Duvessa says, "When magic and the sword combine, nothing stands against them."
Dowan points at Duvessa and mumbles some strange words.
Duvessa seems to speed up.
Duvessa attacks as she pursues you! Duvessa closely misses you.
Duvessa attacks as she pursues you! Duvessa hits you with a +0 rapier!
Duvessa closely misses you. Duvessa attacks as she pursues you!
Duvessa barely misses you. Duvessa barely misses you.
Duvessa attacks as she pursues you! Duvessa hits you with a +0 rapier.
* * * LOW HITPOINT WARNING * * *
Duvessa hits you with a +0 rapier!
* * * LOW HITPOINT WARNING * * *
Duvessa completely misses you.
Duvessa says, "When magic and the sword combine, nothing stands against them."
Duvessa hits you with a +0 rapier.
You die...

##### #...#
#...#
#...######
#.....##.#
#......#.#
#...e..#.#
#####
#..@#....#
#..)#
#...#....##
#...#
#...###...#
...
###.####e.##
#+# #..#
#o..## ♣♣.♣
##.###.o..#
♣.♣♣
#........#
♣♣.♣
####.....#
♣.♣♣ #.....#
♣♣.♣♣


You could see Duvessa (fast).

Vanquished Creatures
  2 black bears
  A scorpion (D:6)
  2 hounds
  2 orc priests (D:3)
  An iguana (D:4)
  An orc wizard (D:3)
  4 gnolls (D:3)
  7 adders
  3 dart slugs
  3 ribbon worms
  13 orcs
  6 ball pythons
  6 endoplasms
  2 giant cockroaches (D:1)
  8 goblins
  4 hobgoblins
  4 jackals (D:1)
  4 quokkas
  6 bats
  3 frilled lizards
  6 kobolds
  7 rats
95 creatures vanquished.

Notes
Turn   | Place    | Note
-------+----------+-------------------------------------------
     0 | D:1      | shadizar the Gargoyle Earth Elementalist began the quest
                  | for the Orb.
     0 | D:1      | Reached XP level 1. HP: 10/10 MP: 3/3
   201 | D:1      | Reached XP level 2. HP: 15/15 MP: 1/5
   210 | D:1      | Reached skill level 4 in Earth Magic
  1102 | D:1      | Reached XP level 3. HP: 19/19 MP: 3/6
  1545 | D:2      | Learned a level 3 spell: Stone Arrow
  1638 | D:2      | Reached XP level 4. HP: 24/24 MP: 6/8
  1799 | D:2      | Reached skill level 5 in Earth Magic
  2673 | D:3      | Reached XP level 5. HP: 28/28 MP: 6/9
  2743 | D:3      | Reached skill level 6 in Earth Magic
  2832 | D:3      | Reached skill level 7 in Earth Magic
  2920 | D:3      | Found an ancient bone altar of Kikubaaqudgha.
  2946 | D:3      | Reached XP level 6. HP: 32/32 MP: 8/10
  3023 | D:3      | Noticed a black bear
  3028 | D:3      | Killed a black bear
  3397 | D:4      | Noticed a black bear
  3623 | D:4      | You fall into a shaft and drop 2 floors!
  3623 | D:6      | Found a staircase to the Ecumenical Temple.
  3625 | D:6      | Noticed a black bear
  3631 | Temple   | Entered the Ecumenical Temple
  3635 | Temple   | Killed a black bear
  3636 | Temple   | Reached XP level 7. HP: 37/41 MP: 2/11
  3807 | D:6      | Reached skill level 8 in Earth Magic
  3886 | D:5      | Entered Level 5 of the Dungeon
  3951 | D:5      | Identified the +2 hammer "Foawuucw" {flame, Stlth+}
  3968 | D:5      | Found a runed translucent door.
  3969 | D:5      | Noticed Crazy Yiuf
  3999 | D:5      | Noticed Dowan
  4000 | D:5      | Noticed Duvessa
  4042 | D:5      | Slain by Duvessa

Illustrated notes

Levels and vault maps discovered:
D:1:      dpeg_arrival_lava_temple_mockup, layout_basic
D:2:      layout_loops_cross
D:3:      minmay_diamond_boxcup, layout_loops_ring,
          nicolae_overflow_crystal_walls, minmay_misc_feat_rows
D:4:      layout_cave_pools, kennysheep_generic_room_5
D:5:      layout_rooms, uniq_duvessa, uniq_crazy_yiuf_cottage
D:6:      layout_basic, minmay_temple_entry_glass, gammafunk_ghost_gnarly_gnolls
Temple:   nicolae_temple_elliptical

Skill      XL: |  1  2  3  4  5  6  7 |
---------------+----------------------+-----
Earth Magic    | 4 5 7 8 |  8.1
Spellcasting   | 3 |  3.0
Fighting       | 3 |  3.1
Conjurations   | 2 3 |  3.1
Dodging        | |  1.5
Stealth        | |  2.1

Action                     |  1- 3 |  4- 6 |  7- 9 || total
---------------------------+-------+-------+-------++-------
  Melee: Unarmed           |     7 |     2 |       ||     9
   Cast: Sandblast         |    58 |    87 |    11 ||   156
         Stone Arrow       |       |     3 |       ||     3
 Armour: Robe              |    18 |    69 |    15 ||   102
  Dodge: Dodged            |    24 |    40 |    12 ||    76
  Block: Other             |       |     5 |     5 ||    10
         Reflection        |       |     1 |       ||     1

Table legend: (Time is in decaauts)
 A = Elapsed time spent in this place.
 B = Non-inter-level travel time spent in this place.
 C = Inter-level travel time spent in this place.
 D = Time resting spent in this place.
 E = Time spent auto-exploring this place.
 F = Levels seen in this place.
 G = Mean time per level.
                   A        B        C        D        E       F      G
               +--------+--------+--------+--------+--------+-----+--------+
         Total |   4118 |   4031 |     87 |      0 |   3301 |   7 |  588.3 |
       Dungeon |   3949 |   3862 |     87 |      0 |   3231 |   6 |  658.2 |
        Temple |    169 |    169 |      0 |      0 |     70 |   1 |  169.0 |
               +--------+--------+--------+--------+--------+-----+--------+

Top non-repeatable levels by time:
     D:3: 1327 daAuts
     D:1: 1232 daAuts
     D:2: 968 daAuts
  Temple: 169 daAuts
     D:4: 165 daAuts
     D:5: 157 daAuts
     D:6: 97 daAuts
